Map: Bridgehead LE (Void)

Players

Keshopan

  • Race: Zerg Zerg
  • League: Grandmaster

CunningStunt - Winner!

  • Race: Protoss Protoss
  • League: Gold

VOD

Have the link to the VOD?

Description

Time

  • Played on: Sept. 11, 2015, 8:13 p.m.
  • Length: 6:15
Show
View Real Time Build Order
Export as new Build Order

Keshopan Zerg 

Build Orders: Pool First 

Get SALT Encoding   

  12  0:07  Extractor  
  11  0:28  Spawning Pool  
  10  0:34  Drone  
  11  1:15  Zergling x4  
  11  1:16  Zergling x2  
  14  1:32  Overlord  
  14  1:36  Metabolic Boost  
  14  1:52  Zergling x4  
  14  1:53  Queen  
  18  2:20  Drone x2  
  18  2:21  Drone  
  16  3:15  Drone x2  
  16  3:16  Drone x4  
  22  3:27  Evolution Chamber  
  21  3:34  Roach Warren, Zergling x4  
  21  3:37  Overlord  
  22  4:04  Zerg Missile Weapons Level 1  
  22  4:19  Roach  
  22  4:20  Roach  
  22  4:22  Hatchery, Drone  
  26  4:26  Drone  
  26  4:27  Drone  
  28  4:33  Drone  
  29  4:43  Overlord  
  29  4:46  Roach  
  25  5:02  Ravager  
  25  5:09  Roach x5  
  25  5:10  Roach  
  35  5:33  Ravager x3  
  38  5:37  Drone  
  41  5:43  Roach  
Show
View Real Time Build Order
Export as new Build Order

CunningStunt Protoss - Winner!

Build Orders: 1 Gate Expand 

Get SALT Encoding   

  12  0:00  Probe (Chrono Boost)  
  13  0:10  Probe (Chrono Boost)  
  14  0:19  Pylon  
  14  0:21  Probe (Chrono Boost)  
  15  0:37  Probe (Chrono Boost)  
  15  0:39  Gateway  
  16  0:47  Probe (Chrono Boost)  
  17  0:57  Probe (Chrono Boost)  
  18  1:07  Probe (Chrono Boost)  
  19  1:24  Nexus  
  19  1:29  Cybernetics Core  
  19  1:33  Zealot  
  21  1:41  Pylon  
  21  1:46  Probe (Chrono Boost), Assimilator  
  22  1:52  Assimilator  
  22  1:57  Probe (Chrono Boost)  
  23  2:10  Probe (Chrono Boost)  
  24  2:19  Adept  
  24  2:21  Probe (Chrono Boost)  
  27  2:27  Pylon  
  27  2:31  Probe (Chrono Boost)  
  27  2:36  Probe (Chrono Boost)  
  29  2:42  Mothership Core (Chrono Boost)  
  31  2:46  Warp Gate  
  31  2:47  Probe (Chrono Boost)  
  32  2:57  Probe (Chrono Boost)  
  33  3:00  Probe (Chrono Boost), Pylon  
  34  3:05  Adept (Chrono Boost)  
  36  3:14  Probe  
  36  3:16  Probe  
  38  3:23  Stargate  
  38  3:24  Probe  
  39  3:28  Probe  
  40  3:34  Probe  
  40  3:36  Gateway  
  40  3:38  Adept (Chrono Boost)  
  40  3:41  Probe  
  44  3:43  Assimilator  
  44  3:44  Probe  
  44  3:45  Assimilator  
  45  3:53  Probe  
  45  3:55  Probe  
  46  4:02  Gateway  
  47  4:05  Pylon  
  50  4:19  Oracle (Chrono Boost)  
  50  4:22  Probe  
  50  4:24  Probe  
  52  4:32  Probe  
  52  4:36  Probe (Chrono Boost)  
  54  4:47  Gateway x2  
  54  4:59  Void Ray (Chrono Boost)  
  56  5:24  Probe  
  56  5:25  Stargate  
  56  5:26  Probe  
  56  5:28  Pylon  
  58  5:34  Probe  
  58  5:37  Void Ray (Chrono Boost)  
  58  5:38  Probe  
Tags
 
Add a new tag
Caveats
  • Supply blocks, unpowered buildings, or Contaminate may cause inaccurate times.
  • Supply counts are checked every 10 seconds.